 Dungeon Crawl Stone Soup version 0.32-a0-913-g739538afd8 (webtiles) character file.

Game seed: 14167085922218770670

12 Anno the Sneak (level 2, -3/16 HPs)
             Began as a Felid Delver on Apr 10, 2024.
             Killed from afar by Ijyb (9 damage)
             ... with a bolt of light
             ... on level 3 of the Dungeon.
             The game lasted 00:02:57 (341 turns).

Anno the Sneak (Felid Delver)                        Turns: 341, Time: 00:02:58

Health: -3/16      AC:  1    Str:  8    XL:     2   Next: 20%
Magic:  3/3        EV: 16    Int: 13    God:
Gold:   0          SH:  0    Dex: 17    Spells: 1/1 levels left
                                        Lives:  0   Deaths: 1

rFire   . .          .
                       - Unarmed
rCold   . . .        (shield unavailable)
rNeg    . . .        (body armour unavailable)
rPois   .            (helmet unavailable)
rElec   .            (cloak unavailable)
rCorr   .            (gloves unavailable)
SInv    +            (boots unavailable)
Will    .....        (no amulet)
Stlth   +++          (no ring)
HPRegen 0.22/turn    (no ring)
MPRegen 0.08/turn

%: no passive effects
@: no status effects
A: very small, claws 1, fangs 3, see invisible, shaggy fur 1, stealthy paws, no
weapons or thrown items, no armour, multi-lived
a: no special abilities


You were on level 3 of the Dungeon.
You visited 1 branch of the dungeon, and saw 3 of its levels.

Inventory:

Talismans
 g - a serpent talisman
Wands
 e - a wand of digging (3)
 f - a wand of flame (18)
Scrolls
 a - a scroll of fog
Potions
 d - 2 potions of haste


   Skills:
 * Level 3.3 Fighting
 - Level 2.6 Dodging
 - Level 6.6 Stealth
 * Level 2.4 Unarmed Combat


You had one spell level left.
You didn't know any spells.
Your spell library was empty.

Dungeon Overview and Level Annotations

Branches:
Dungeon (5/15)
 Temple: D:4-7

Altars:

Annotations:
D:3 Ijyb


Innate Abilities, Weirdness & Mutations

You have sharp claws.
You have razor-sharp teeth.
You have supernaturally acute eyesight. (SInv)
You are covered in fur. (AC +1)
Your paws help you pounce on unaware monsters.
You are incapable of wielding weapons or throwing items.
You cannot wear armour.
You gain extra lives every three experience levels.


Message History

The endoplasm quivers.
You barely miss the endoplasm. Your bite misses the endoplasm.
The endoplasm completely misses you.
You completely miss the endoplasm. The endoplasm closely misses you.
You barely miss the endoplasm. The endoplasm freezes you.
You are frozen.
You scratch the endoplasm but do no damage.
You claw the endoplasm.
You kill the endoplasm!
Okay, then.
You open the door.
Ijyb shouts!
Aiming: Throw Flame
Press: ? - help, Shift-Dir - straight line, f - Ijyb
Aim: Ijyb, wielding a +0 club, wearing a +2 leather armour of willpower and carrying a wand of light (lightly wounded, 60% to hit)
The puff of flame misses Ijyb.
Ijyb hits you with a +0 club.
Aiming: Throw Flame
Press: ? - help, Shift-Dir - straight line, f/p - Ijyb
Aim: Ijyb, wielding a +0 club, wearing a +2 leather armour of willpower and carrying a wand of light (lightly wounded, 60% to hit)
The puff of flame hits Ijyb but does no damage.
Ijyb is lightly wounded.
You hear the rusting of a very distant drain.
Ijyb hits you with a +0 club.
Aiming: Throw Flame
Press: ? - help, Shift-Dir - straight line, f/p - Ijyb
Aim: Ijyb, wielding a +0 club, wearing a +2 leather armour of willpower and carrying a wand of light (lightly wounded, 60% to hit)
The puff of flame hits Ijyb.
Ijyb is lightly wounded.
Ijyb hits you with a +0 club.
Aiming: Throw Flame
Press: ? - help, Shift-Dir - straight line, f/p - Ijyb
Aim: Ijyb, wielding a +0 club, wearing a +2 leather armour of willpower and carrying a wand of light (lightly wounded, 60% to hit)
The puff of flame misses Ijyb.
Ijyb closely misses you.
You barely miss Ijyb.
Ijyb is lightly wounded.
Ijyb zaps a wand.
The bolt of light hits you!
Ouch! That really hurt!
You die...
Ijyb moans, "Good help so hard to find!"

#######.#.########.#.......#
#.#.......†.........##
#.############......# #.#
#.......####.>### #.#
#.......'...###
#.###.......# #...........#
#######'##g## #g##@# #....#
#....##### #.##. #. #. ##


You could see Ijyb.

Vanquished Creatures
  2 orcs (D:5)
  An endoplasm (D:3)
  A hobgoblin (D:3)
  3 jackals (D:4)
  A ball python (D:4)
  A kobold (D:3)
9 creatures vanquished.

Notes
Turn   | Place    | Note
-------+----------+-------------------------------------------
     0 | D:5      | Anno the Felid Delver began the quest for the Orb.
     0 | D:5      | Reached XP level 1. HP: 12/12 MP: 2/2
     8 | D:5      | Noticed an orc wizard
    18 | D:5      | Noticed an orc wizard
   130 | D:4      | Reached XP level 2. HP: 16/16 MP: 3/3
   185 | D:3      | Noticed Ijyb
   196 | D:3      | Killed from afar by Ijyb
   196 | D:3      | Lost a life (0 lives remaining)
   341 | D:3      | Killed from afar by Ijyb

Illustrated notes

Levels and vault maps discovered:
D:3:      layout_basic, cheibriados_altar_2, portal_sewer_entry_e,
          dreamdust_ecumenical_altar_hidden_monk_grotto,
          chequers_serial_rivers_micro_b, uniq_grinder, uniq_ijyb
D:4:      nicolae_cairo_tiling_large, layout_basic,
          chequers_temple_overflow_minitemple, lemuel_tele_altar,
          ebering_ghost_disaster_area
D:5:      layout_rooms, ebering_ghost_reflecting_pool

Action                     || total
---------------------------++-------
  Melee: Unarmed           ||    33
         Bite              ||     2
         Punch             ||     2
  Evoke: Wand              ||     4
    Use: Scroll            ||     2
   Stab: Sleeping          ||     1
 Armour: Skin              ||     8
  Dodge: Dodged            ||    20

Table legend: (Time is in decaauts)
 A = Elapsed time spent in this place.
 B = Non-inter-level travel time spent in this place.
 C = Inter-level travel time spent in this place.
 D = Time resting spent in this place.
 E = Time spent auto-exploring this place.
 F = Levels seen in this place.
 G = Mean time per level.
                   A        B        C        D        E       F      G
               +--------+--------+--------+--------+--------+-----+--------+
         Total |    338 |    338 |      0 |      0 |     31 |   3 |  112.7 |
       Dungeon |    338 |    338 |      0 |      0 |     31 |   3 |  112.7 |
               +--------+--------+--------+--------+--------+-----+--------+

Top non-repeatable levels by time:
     D:3: 204 daAuts
     D:4: 88 daAuts
     D:5: 45 daAuts
